cohdb
Replays
Latest Replays
All Replays
Popular Replays
Top Player Replays
Match Explorer
How It Works
Community
CoH3 Stats
Reddit
Sign in to upload your games and track your stats! →
Sign in with Steam
Match 41387881
Unlisted
Match 41387881
Overview
Messages
Build Orders
End
Construct Infanterie Kompanie
Selects Terror Battlegroup
Selects Machine Gun Camouflage
Grenadier Squad
MG 42 Machine Gun Team
Grenadier Squad
MG 42 Machine Gun Team
Medical Station
Construct Panzergrenadier Kompanie
Panzergrenadier Squad
Support Elements
Selects Contempt for the Weak
Nebelwerfer 42 Rocket Launcher Team
StuG III G Assault Gun
Selects No Quarter
Nebelwerfer 42 Rocket Launcher Team
Panzergrenadier Squad
Nebelwerfer 42 Rocket Launcher Team
Pioneer Squad
Construct Panzer Kompanie
Sturmpanzer IV Brummbär
Selects King Tiger Heavy Tank
Panzergrenadier Squad
Samson (MykillJackson)
DaMayzr
EisregenKubus0
Colonel_Me
Mercenary
可叹落叶飘零
0
0
Comments
sign in to comment!
No comments posted yet!